 Dungeon Crawl Stone Soup version 0.23-a0-642-g3120c2f5a9 (webtiles) character file.

319 HereIgoKillingAgain the Changer (level 6, -1/47 HPs)
             Began as a Draconian Transmuter on Dec 31, 2018.
             Slain by an ogre
             ... wielding a +0 giant spiked club
              (25 damage)
             ... on level 4 of the Dungeon.
             The game lasted 00:03:02 (2693 turns).

HereIgoKillingAgain the Changer (DrTm)              Turns: 2693, Time: 00:03:03

Health: -1/47      AC:  6    Str: 13    XL:     6   Next: 21%
Magic:  7/9        EV: 12    Int: 15    God:
Gold:   236        SH:  0    Dex: 11    Spells: 4/9 levels left

rFire    . . .     SeeInvis .   g - +2 dagger (drain)
rCold    . . .     Gourm    .   (no shield)
rNeg     . . .     Faith    .   (armour unavailable)
rPois    .         Spirit   .   (helmet restricted)
rElec    .         Reflect  .   (no cloak)
rCorr    .         Harm     .   (no gloves)
MR       .....                  (no boots)
Stlth    +.........             k - amulet of the acrobat
HPRegen  0.15/turn              p - ring of wizardry
MPRegen  0.11/turn              (no ring)

@: no status effects
A: unfitting armour, cold-blooded, AC +6
a: no special abilities


You were on level 4 of the Dungeon.
You were hungry.

You visited 1 branch of the dungeon, and saw 4 of its levels.

You collected 236 gold pieces.

Inventory:

Hand Weapons
 g - a +2 dagger of draining (weapon)
Missiles
 a - 26 arrows
Jewellery
 j - a +5 ring of dexterity {unknown}
 k - an amulet of the acrobat (around neck)
 p - a ring of wizardry (left hand)
Scrolls
 b - 2 scrolls of teleportation
 d - 2 scrolls of remove curse
 e - a scroll of enchant weapon {unknown}
 l - a scroll of enchant armour
 m - a scroll of identify
Potions
 f - a potion of haste {unknown}
 h - a potion of flight
 i - a potion of heal wounds
 n - 3 potions of curing {unknown}
 o - a potion of might {unknown}
 q - a potion of agility {unknown}
 r - a potion of brilliance {unknown}
 t - 2 potions of lignification {unknown}
Comestibles
 c - 8 rations


   Skills:
 - Level 1.1 Fighting
 - Level 1.7 Dodging
 + Level 4.6 Unarmed Combat
 - Level 2.0 Spellcasting
 * Level 5.5 Transmutations


You had 4 spell levels left.
You knew the following spells:

 Your Spells              Type           Power        Failure   Level  Hunger
b - Sticks to Snakes      Tmut           ###.....     1%          2    ###....
c - Spider Form           Tmut/Pois      #.........   9%          3    ###....

Your spell library contained the following spells:

 Spells                   Type           Power        Failure   Level  Hunger
 Beastly Appendage        Tmut           ###...       1%          1    #......
 Ice Form                 Ice/Tmut       #.......     26%         4    #####..
 Blade Hands              Tmut           ###.......   26%         5    ######.


Dungeon Overview and Level Annotations

Branches:
Dungeon (4/15)
 Temple: D:4-7

Altars:


Innate Abilities, Weirdness & Mutations

Your plain brown scales are hard. (AC +6)
You cannot fit into any form of body armour.
You are cold-blooded and may be slowed by cold attacks.


Message History

The ogre shouts!
Found 21 sling bullets.
An ogre is nearby!
A scorpion comes into view.
The ogre completely misses you.
You hit the ogre. You drain the ogre!
The ogre is lightly wounded.
You hit the ogre. You tail-slap the ogre.
The ogre is moderately wounded.
The ogre hits you with a +0 giant spiked club!
You hear the slow rusting of a drain nearby.
Casting: Sticks to Snakes (safe; 1% risk of failure)
Confirm with . or Enter, or press ? or * to list all spells.
Okay, then.
Casting: Sticks to Snakes (safe; 1% risk of failure)
Confirm with . or Enter, or press ? or * to list all spells.
You create a snake!
You now have 26 arrows.
The ogre hits you with a +0 giant spiked club!!
Ouch! That really hurt!
You die...

#......###..##...##.# #.#
#.......##..###.###.###.#
#.......##..†...........# #
#.......###.###.###.#####
#.###$.#............###.#
#........#..s...........#
#(.!......#>..####.#########
..########.##.#####.#
#....S.@Os.# .....#######
######


You could see an ogre, a scorpion and a friendly adder.

Vanquished Creatures
  Grinder (D:4)
  2 orc wizards
  5 adders
  A worm (D:3)
  2 leopard geckos (D:2)
  11 orcs
  13 bats
  7 giant cockroaches
  10 goblins
  3 hobgoblins
  3 jackals (D:1)
  A quokka (D:3)
  2 ball pythons
  6 frilled lizards
  4 kobolds
  15 rats
86 creatures vanquished.

Notes
Turn   | Place    | Note
-------+----------+-------------------------------------------
     0 | D:1      | HereIgoKillingAgain the Draconian Transmuter began the
                  | quest for the Orb.
     0 | D:1      | Reached XP level 1. HP: 16/16 MP: 3/3
   145 | D:1      | Reached XP level 2. HP: 18/23 MP: 5/5
   211 | D:1      | HP: 1/23 [kobold/+0 short sword (2)]
   227 | D:1      | Reached skill level 3 in Transmutations
   588 | D:1      | Reached XP level 3. HP: 28/28 MP: 6/6
  1353 | D:2      | Found a faded altar of an unknown god.
  1395 | D:2      | Reached XP level 4. HP: 34/35 MP: 7/7
  1706 | D:2      | Learned a level 2 spell: Sticks to Snakes
  1710 | D:2      | Learned a level 3 spell: Spider Form
  1759 | D:3      | Reached skill level 4 in Transmutations
  2283 | D:3      | Reached XP level 5. HP: 34/40 MP: 5/8
  2601 | D:4      | Noticed Grinder
  2618 | D:4      | Killed Grinder
  2618 | D:4      | Reached skill level 5 in Transmutations
  2618 | D:4      | Reached XP level 6. HP: 30/47 MP: 3/9
  2693 | D:4      | Slain by an ogre

Vault maps used:
D:1:      minmay_arrival_split_and_join
D:2:      chequers_ecumenical_altar_simple, minmay_split_cup_large
D:3:      first_ration
D:4:      portal_sewer_entry_f, biasface_ghost_orc_armoury,
          nicolae_underground_beach, uniq_grinder

Skill      XL: |  1  2  3  4  5 |
---------------+----------------+-----
Transmutations | 3 4 5 |  5.5
Unarmed Combat | 4 |  4.6
Fighting       | |  1.1
Dodging        | |  1.7
Spellcasting   | |  2.0

Action                   |  1- 3 |  4- 6 || total
-------------------------+-------+-------++-------
Melee: Unarmed           |    11 |    29 ||    40
       Dagger            |   100 |    91 ||   191
       Tailslap          |     6 |    12 ||    18
       Punch             |     2 |     3 ||     5
 Cast: Spider Form       |       |     4 ||     4
       Sticks to Snakes  |       |     5 ||     5
  Use: Potion            |     2 |     1 ||     3
       Scroll            |       |     8 ||     8
 Stab: Sleeping          |     1 |     2 ||     3
  Eat: Chunk             |     1 |     5 ||     6
Armor: Skin              |    44 |    18 ||    62
Dodge: Dodged            |    88 |    84 ||   172

Table legend:
 A = Non-vault XP
 B = Vault XP
 C = Vault XP percentage of total XP
 D = Non-vault monster count
 E = Vault monster count
 F = Vault count percentage of total count
                 A         B        C        D         E       F
            +---------+---------+-------+---------+---------+-------
      Total |     283 |     174 |  38.1 |      81 |       5 |   5.8
            +---------+---------+-------+---------+---------+-------
        D:1 |      46 |       0 |   0.0 |      27 |       0 |   0.0
        D:2 |      69 |       6 |   8.0 |      21 |       4 |  16.0
        D:3 |     115 |       0 |   0.0 |      28 |       0 |   0.0
        D:4 |      53 |     168 |  76.0 |       5 |       1 |  16.7
            +---------+---------+-------+---------+---------+-------
